AoeStats
← LEDheadlights

Arabia

505373324Analyzed
1v1 RM · 21d ago on Sep 9, 2026· 52m 59s· 2 players
Game mode
Random Map
Map size
Tiny (2 player)
Population
200
Speed
Normal
Resources
Standard
Victory
Conquest
Starting age
Dark Age
Ending age
Imperial Age
RankedLock teamsTeams togetherTeam positionsShared explorationLock speedFull tech treeHidden civsTurbo modeCheats
Victory
Defeat
🇺🇸 Byzantines · United States
1163
+14
🇨🇱 Saracens · Chile
1128
-14
LEDheadlights
7:03 Loom
10:20 Feudal Age
11:14 Double-Bit Axe
11:32 Horse Collar
14:33 Wheelbarrow
23:05 Castle Age
22:34 Scale Mail Armor
22:26 Fletching
25:06 Hand Cart
24:49 Pikeman
25:32 Squires
25:49 Chain Mail Armor
27:59 Husbandry
31:01 Forging
35:39 Scale Barding Armor
45:27 Imperial Age
43:17 Bodkin Arrow
43:43 Chain Barding Armor
46:03 Iron Casting
46:58 Plate Mail Armor
45:52 Heavy Camel Rider
47:21 Plate Barding Armor
46:36 Arson
47:14 Bracer
51:52 Ballistics
53:16 Gold Mining
fcostaz
2:09 Loom
10:43 Feudal Age
12:46 Double-Bit Axe
12:42 Horse Collar
16:41 Scale Barding Armor
19:12 Wheelbarrow
20:10 Bloodlines
21:26 Forging
26:45 Castle Age
27:28 Husbandry
26:49 Light Cavalry
27:51 Chain Barding Armor
28:06 Iron Casting
27:30 Town Watch
28:28 Bow Saw
28:33 Heavy Plow
29:42 Gold Mining
29:43 Stone Mining
30:44 Hand Cart
31:24 Crossbowman
35:15 Town Patrol
36:27 Fletching
36:38 Padded Archer Armor
37:30 Thumb Ring
41:08 Masonry
42:19 Ballistics
42:34 Bodkin Arrow
47:19 Murder Holes
50:36 Imperial Age
50:45 Arbalester
51:28 Bracer
Connection lost

Rejoining the realm…

Still unreachable

The connection could not be restored.

Session expired

The server has moved on; the page needs a fresh start.